 Dungeon Crawl Stone Soup version 0.22.0 (webtiles) character file.

2012 Blackhawk the Cudgeler (level 9, -6/80 HPs)
             Began as a Minotaur Berserker on Oct 27, 2018.
             Was an Elder of Trog.
             Mangled by an orc warrior
             ... wielding a +0 halberd
              (8 damage)
             ... on level 6 of the Dungeon.
             The game lasted 00:09:10 (5545 turns).

Blackhawk the Cudgeler (Minotaur Berserker)         Turns: 5545, Time: 00:09:11

Health: -6/80      AC: 10    Str: 25    XL:     9   Next: 2%
Magic:  0/8        EV: 10    Int:  4    God:    Trog [****..]
Gold:   302        SH:  5    Dex: 10    Spells: 8/8 levels left

rFire    . . .     SeeInvis .   a - +0 mace
rCold    . . .     Gourm    .   G - +0 buckler
rNeg     . . .     Faith    .   D - +0 chain mail
rPois    .         Spirit   +   (helmet restricted)
rElec    .         Reflect  .   B - scarf {Spirit}
rCorr    .         Harm     .   (no gloves)
MR       .....                  (no boots)
Stlth    ..........             (no amulet)
HPRegen  0.23/turn              (no ring)
MPRegen  0.11/turn              (no ring)

@: berserk cooldown, slowed, very slow
A: retaliatory headbutt, horns 2
a: Berserk, Trog's Hand, Brothers in Arms, Renounce Religion


You were on level 6 of the Dungeon.
You worshipped Trog.
Trog was greatly pleased with you.
You were hungry.

You visited 1 branch of the dungeon, and saw 6 of its levels.

You collected 302 gold pieces.

Inventory:

Hand Weapons
 a - a +0 mace (weapon)
 A - a +0 hunting sling
Missiles
 k - 95 sling bullets
Armour
 B - a scarf of spirit shield (worn)
 D - a +0 chain mail (worn)
 G - a +0 buckler (worn)
Jewellery
 y - a cursed -3 ring of intelligence {unknown}
Wands
 b - a wand of enslavement (12)
 t - a wand of iceblast (9)
 u - a wand of clouds (3)
 I - a wand of flame (29)
Scrolls
 d - 4 scrolls of remove curse
 g - 4 scrolls of identify
 i - a scroll of amnesia {unknown}
 j - a scroll of noise {unknown}
 m - a scroll of fear {unknown}
 o - a scroll of immolation {unknown}
 p - 3 scrolls of teleportation {unknown}
 r - a scroll of blinking {unknown}
 v - 4 scrolls of enchant weapon {unknown}
 z - a scroll of enchant armour {unknown}
 F - 2 scrolls of fog {unknown}
Potions
 e - a potion of mutation {unknown}
 f - 5 potions of heal wounds
 h - a potion of ambrosia {unknown}
 l - 2 potions of curing {unknown}
 n - a potion of resistance {unknown}
 q - 2 potions of agility {unknown}
 s - 2 potions of invisibility {unknown}
 w - a potion of degeneration {unknown}
 C - 2 potions of haste {unknown}
 E - a potion of flight {unknown}
 H - a potion of berserk rage {unknown}
Comestibles
 c - 13 rations
 x - a chunk of flesh


   Skills:
 + Level 7.7 Fighting
 + Level 7.7 Maces & Flails
 + Level 7.1 Armour
 - Level 5.4 Dodging
 * Level 5.3 Shields


You had 8 spell levels left.
You didn't know any spells.
Your spell library was empty.

Dungeon Overview and Level Annotations

Branches:
Dungeon (6/15)             Temple (0/1) D:5

Altars:
Cheibriados
Kikubaaqudgha
Okawaru


Innate Abilities, Weirdness & Mutations

You reflexively headbutt those who attack you in melee.
You have a pair of horns on your head.


Message History

You hit the orc. You headbutt the orc.
You kill the orc!
Trog accepts your kill.
The orc warrior hits you with a halberd!!
The orc warrior closely misses you. You furiously retaliate!
You headbutt the orc warrior. You block the orc warrior's attack.
Items here: )) [[ a dagger; a ring mail; a dagger; a robe The orc warrior misses you.
The orc warrior hits you from afar with a halberd!
The orc warrior closely misses you. You block the orc warrior's attack.
You are feeling hungry.
The orc warrior hits you from afar with a halberd!
* * * LOW HITPOINT WARNING * * *
The orc warrior hits you from afar with a halberd!
* * * LOW HITPOINT WARNING * * *
The orc warrior hits you from afar with a halberd!
You die...

##### #...# ### ##
).### ..####.#
.#########..##..
###............# #
#....>....#..# #
#.........#..#
###.........#..###
..))..........o.@#
######(#####.###.#
# ...# #.# #..# #
#.### #.# ##.# #
#. #.# .# # #. #.#
.# ###. ##.# .# ..
#..# .# #... #.#


You could see an orc warrior.

Vanquished Creatures
  The ghost of vykuza the Skirmisher, a novice MiBe of Trog (D:5)
  A troll (D:6)
  Sigmund (D:3)
  The ghost of Jeremy the Archer, an amateur CeHu of Dithmenos (D:3)
  An ice beast (D:6)
  An ogre (D:4)
  A scorpion (D:4)
  A crimson imp (D:4)
  A hound (D:4)
  An orc priest (D:6)
  4 bullfrog skeletons
  A centaur skeleton (D:3)
  An iguana (D:6)
  7 orc wizards
  4 worker ants
  A killer bee zombie (D:3)
  8 adders
  A howler monkey skeleton (D:3)
  A shadow imp (D:6)
  An ooze (D:4)
  An adder zombie (D:5)
  4 adder skeletons
  5 worms
  2 dart slugs
  A leopard gecko (D:1)
  21 orcs
  3 giant cockroaches
  7 goblins
  12 hobgoblins
  4 jackals (D:4)
  11 kobolds
  3 quokkas
  2 ball pythons (D:1)
  5 bats
  9 frilled lizards
  A jackal skeleton (D:4)
  A jackal zombie (D:3)
  A leopard gecko skeleton (D:4)
  12 rats
144 creatures vanquished.

Notes
Turn   | Place    | Note
-------+----------+-------------------------------------------
     0 | D:1      | Blackhawk the Minotaur Berserker began the quest for the Orb.
     0 | D:1      | Reached XP level 1. HP: 19/19 MP: 0/0
   214 | D:1      | Reached XP level 2. HP: 26/27 MP: 1/1
   773 | D:2      | Reached XP level 3. HP: 27/33 MP: 2/2
   774 | D:2      | Reached ** piety under Trog
  1134 | D:2      | Found an iron altar of Okawaru.
  1541 | D:2      | Reached XP level 4. HP: 34/40 MP: 3/3
  1869 | D:3      | Noticed Sigmund
  1878 | D:3      | Killed Sigmund
  1878 | D:3      | Reached skill level 5 in Fighting
  1878 | D:3      | Reached skill level 5 in Maces & Flails
  1878 | D:3      | Reached XP level 5. HP: 48/48 MP: 4/4
  2006 | D:3      | Found a runed gate.
  2024 | D:3      | Found a runed gate.
  2106 | D:3      | Found a runed gate.
  2256 | D:3      | Reached XP level 6. HP: 51/56 MP: 5/5
  2294 | D:3      | Reached *** piety under Trog
  2717 | D:3      | Noticed Jeremy's ghost (amateur CeHu)
  2735 | D:3      | Killed Jeremy's ghost
  2737 | D:3      | Reached XP level 7. HP: 50/62 MP: 6/6
  2740 | D:3      | Reached skill level 5 in Armour
  3575 | D:4      | Reached skill level 5 in Dodging
  3708 | D:4      | Found a snail-covered altar of Cheibriados.
  4033 | D:5      | Entered Level 5 of the Dungeon
  4038 | D:5      | Found a staircase to the Ecumenical Temple.
  4161 | D:5      | Reached **** piety under Trog
  4354 | D:5      | Found a runed door.
  4358 | D:5      | Reached XP level 8. HP: 65/71 MP: 7/7
  4373 | D:5      | Noticed vykuza's ghost (novice MiBe)
  4659 | D:5      | Reached skill level 1 in Shields
  4761 | D:5      | Found an ancient bone altar of Kikubaaqudgha.
  4840 | D:5      | Killed vykuza's ghost
  4991 | D:6      | Noticed a troll
  4999 | D:6      | Killed a troll
  5232 | D:6      | Reached skill level 5 in Shields
  5516 | D:6      | Reached XP level 9. HP: 80/80 MP: 8/8
  5542 | D:6      | HP: 1/80 [orc warrior/halberd (14)]
  5545 | D:6      | Mangled by an orc warrior

Skill      XL: |  1  2  3  4  5  6  7  8 |
---------------+-------------------------+-----
Fighting       | 4 5 6 7 |  7.7
Maces & Flails | 4 5 6 7 |  7.7
Armour         | 3 4 5 7 |  7.1
Dodging        | 3 4 5 |  5.4
Shields        | 5 |  5.3

Action                   |  1- 3 |  4- 6 |  7- 9 || total
-------------------------+-------+-------+-------++-------
Melee: Mace              |    88 |    83 |   194 ||   365
       Headbutt          |     9 |     9 |    43 ||    61
Invok: Berserk           |       |     2 |     5 ||     7
  Use: Scroll            |       |       |     2 ||     2
  Eat: Chunk             |     2 |     4 |    11 ||    17
       Ration            |       |       |     1 ||     1
Armor: Animal skin       |    16 |    13 |     8 ||    37
       Chain mail        |       |       |    45 ||    45
Dodge: Dodged            |    72 |    79 |    97 ||   248
Block: Buckler           |       |       |    13 ||    13
